AoeStats
← miguelon01

Arabia

507791385Analyzed
4v4 RM · 12d ago on Sep 19, 2026· 45m 21s· 8 players
Game mode
Random Map
Map size
Large (8 player)
Population
200
Speed
Normal
Resources
Standard
Victory
Conquest
Starting age
Dark Age
Ending age
Imperial Age
RankedLock teamsTeams togetherTeam positionsShared explorationLock speedFull tech treeHidden civsTurbo modeCheats
Victory
Defeat
🇨🇱 Mongols · Chile
1238
+13
🇻🇪 Persians · Venezuela
1186
+15
🇧🇷 Wei · Brazil
1125
+18
🇨🇱 Tatars · Chile
1102
+19
🇪🇸 Lithuanians · Spain
1181
-17
🇮🇹 Franks · Italy
1165
-16
🇳🇱 Romans · Netherlands
1162
-16
🇵🇱 Spanish · Poland
1156
-16
I Raided Riley
7:15 Loom
9:38 Feudal Age
12:02 Stone Mining
17:58 Fletching
23:39 Castle Age
22:31 Double-Bit Axe
23:01 Padded Archer Armor
23:50 Gold Mining
25:06 Bodkin Arrow
Jambo
8:00 Loom
9:46 Feudal Age
14:39 Castle Age
12:49 Horse Collar
12:56 Double-Bit Axe
15:37 Heavy Plow
19:15 Bow Saw
22:14 Fletching
23:10 Wheelbarrow
23:27 Ballistics
23:12 Bodkin Arrow
26:16 Scale Barding Armor
26:22 Forging
26:37 Hand Cart
28:39 Husbandry
28:50 Bloodlines
28:55 Gold Mining
28:57 Stone Mining
29:36 Hill Forts
34:00 Imperial Age
34:27 Murder Holes
34:59 Chain Barding Armor
35:16 Iron Casting
34:43 Bracer
35:48 Chemistry
36:03 Chain Barding Armor
36:19 Iron Casting
37:20 Plate Barding Armor
40:02 Iron Casting
HuLB
10:17 Feudal Age
12:37 Loom
14:26 Wheelbarrow
19:15 Double-Bit Axe
25:52 Castle Age
26:42 Scale Barding Armor
26:41 Husbandry
27:32 Forging
Vogrov
3:27 Loom
11:58 Feudal Age
12:01 Man-at-Arms
12:49 Double-Bit Axe
12:45 Horse Collar
12:54 Horse Collar
16:57 Scale Mail Armor
17:07 Forging
26:06 Fletching
26:16 Padded Archer Armor
dejame_ganar
6:21 Loom
8:36 Feudal Age
7:24 Loom
9:19 Double-Bit Axe
16:19 Horse Collar
20:11 Castle Age
19:07 Forging
19:02 Scale Barding Armor
19:10 Bloodlines
19:06 Horse Collar
20:54 Husbandry
30:04 Iron Casting
29:51 Chain Barding Armor
31:06 Wheelbarrow
30:16 Town Watch
Crusader
0:26 Loom
11:31 Feudal Age
16:29 Castle Age
14:27 Double-Bit Axe
17:37 Scale Barding Armor
20:33 Forging
22:57 Husbandry
24:25 Fletching
24:37 Gold Mining
26:27 Wheelbarrow
26:17 Stone Mining
28:09 Bodkin Arrow
30:09 Padded Archer Armor
30:03 Horse Collar
32:58 Heavy Plow
36:18 Imperial Age
34:27 Hand Cart
34:09 Town Watch
34:49 Treadmill Crane
37:23 Iron Casting
37:09 Chain Barding Armor
37:37 Silk Armor
38:24 Crop Rotation
38:10 Bow Saw
38:37 Elite Steppe Lancer
39:33 Bloodlines
41:15 Plate Barding Armor
41:17 Timurid Siegecraft
43:09 Blast Furnace
44:15 Spies/Treason
NiiemZXZ
6:49 Loom
9:06 Feudal Age
10:54 Double-Bit Axe
15:07 Fletching
22:31 Castle Age
21:02 Horse Collar
23:04 Bloodlines
24:04 Husbandry
28:07 Thumb Ring
28:09 Bodkin Arrow
34:28 Padded Archer Armor
36:40 Heavy Plow
39:00 Leather Archer Armor
41:54 Ballistics
44:12 Imperial Age
44:25 Forging
44:20 Scale Barding Armor
44:26 Light Cavalry
miguelon01
11:09 Feudal Age
11:39 Loom
11:43 Double-Bit Axe
17:49 Castle Age
18:53 Horse Collar
19:54 Gold Mining
22:32 Wheelbarrow
22:30 Forging
22:36 Bloodlines
24:54 Scale Barding Armor
25:26 Stone Mining
25:45 Husbandry
28:45 Iron Casting
29:06 Chain Barding Armor
30:42 Light Cavalry
37:28 Bow Saw
40:09 Heavy Plow
46:56 Imperial Age
45:05 Gold Shaft Mining
45:06 Stone Shaft Mining
Connection lost

Rejoining the realm…

Still unreachable

The connection could not be restored.

Session expired

The server has moved on; the page needs a fresh start.